 Dungeon Crawl Stone Soup version 0.31.0-12-g77e489cdc1 (webtiles) character file.

Game seed: 6872177846464595315

39 lordive the Changeling (level 3, -3/23 HPs)
             Began as an Octopode Shapeshifter on Feb 29, 2024.
             Slain by an adder (4 damage)
             ... on level 2 of the Dungeon.
             The game lasted 00:00:57 (785 turns).

lordive the Changeling (Octopode Shapeshifter)       Turns: 785, Time: 00:00:57

Health: -3/23      AC:  1    Str: 13    XL:     3   Next: 47%
Magic:  3/3        EV: 13    Int: 14    God:
Gold:   49         SH:  0    Dex: 11    Spells: 2/2 levels left

rFire   . .          .
                       - Unarmed
rCold   . . .        (no shield)
rNeg    . . .        (helmet currently unavailable)
rPois   .            (no amulet)
rElec   .            d - ring of wizardry
rCorr   .            (no ring)
SInv    .            (no ring)
Will    .....        (no ring)
Stlth   ++           (no ring)
HPRegen 0.23/turn    (no ring)
MPRegen 0.08/turn    (no ring)
                     (no ring)

%: wizardry (x1)
@: beast-form
A: beast (slay +2), almost no armour, amphibious, 8 rings, camouflage 1,
gelatinous body 1, (nimble swimmer 1), tentacles
a: Begin Untransformation


You were on level 2 of the Dungeon.
You were a hulking beast.
You visited 1 branch of the dungeon, and saw 2 of its levels.

You collected 49 gold pieces.

Inventory:

Jewellery
 d - a ring of wizardry (left tentacle)
Talismans
 b - a beast talisman
 c - a flux talisman
Scrolls
 e - a scroll of teleportation {unknown}
 f - 2 scrolls of identify {unknown}
Potions
 a - a potion of lignification


   Skills:
 + Level 1.2 Fighting
 + Level 2.1 Dodging
 + Level 3.4 Unarmed Combat
 * Level 3.7 Shapeshifting


You had 2 spell levels left.
You didn't know any spells.
Your spell library was empty.

Dungeon Overview and Level Annotations

Branches:
Dungeon (2/15)

Altars:


Innate Abilities, Weirdness & Mutations

You are a hulking beast.
Your limbs bulge with bestial killing power. (Slay +2)
You cannot wear most types of armour.
You are amphibious.
You can wear up to eight rings at the same time.
Your skin changes colour to match your surroundings (Stealth+).
Your rubbery body absorbs attacks. (AC +1, EV +1)
((You are camouflaged when in or above water. (Stealth+)))
You have tentacles for arms and can constrict up to eight enemies at once.


Message History

You tentacle-slap the bat.
You kill the bat!
You see here a quokka corpse.
The endoplasm quivers.
A kobold comes into view. It is wielding a +0 short sword.
Found 11 gold pieces.
The kobold shouts!
You hear an angry hiss.
An adder comes into view.
A rat comes into view.
The endoplasm freezes you.
You are frozen.
You barely miss the endoplasm.
The rat squeaks loudly.
You bludgeon the endoplasm!
You kill the endoplasm!
You hear a loud squeak.
You bludgeon the kobold!
You kill the kobold!
A rat comes into view.
You miss the adder. Your grab misses the adder. Your squeeze misses the adder.
The adder bites you.
You are too injured to fight recklessly!
You are too injured to fight recklessly!
You are too injured to fight recklessly!
You are too injured to fight recklessly!
The adder attacks as it pursues you! The adder bites you.
You are poisoned.
The adder poisons you!
You feel sick.
You feel sick. The adder attacks as it pursues you! The adder bites you.
* * * LOW HITPOINT WARNING * * *
The adder barely misses you.
You feel sick.
You feel sick. The adder attacks as it pursues you! The adder bites you.
* * * LOW HITPOINT WARNING * * *
* * * LOW HITPOINT WARNING * * *
You feel sick.
You are no longer poisoned.
The adder bites you.
You die...

.######..##..$.......#
)##......##..........#
##.##......##....)...r..
...##......##...........
...##.......†...r......#
...........##...........
....#......##..........#
†..........##...S......#
...........###..h.....#.
.#.#....#.#####......##
†..####.#...# ##.$####
.### #.###.# ..##
...####.###.###.###
...................
...####...#..#.###
.#..#####..#...#
.##..#####.#..##..


You could see an adder and 2 rats.

Vanquished Creatures
  3 endoplasms
  3 giant cockroaches (D:2)
  A goblin (D:1)
  7 hobgoblins
  4 kobolds
  A quokka (D:2)
  4 ball pythons
  7 bats
  2 frilled lizards (D:1)
  4 rats
36 creatures vanquished.

Notes
Turn   | Place    | Note
-------+----------+-------------------------------------------
     0 | D:1      | lordive the Octopode Shapeshifter began the quest for the
                  | Orb.
     0 | D:1      | Reached XP level 1. HP: 13/13 MP: 1/1
   113 | D:1      | Reached XP level 2. HP: 18/18 MP: 2/2
   655 | D:2      | Reached XP level 3. HP: 20/23 MP: 3/3
   785 | D:2      | HP: 1/23 [poisoned by an adder]
   785 | D:2      | Slain by an adder

Illustrated notes

Levels and vault maps discovered:
D:1:      dpeg_arrival_refuge, layout_basic
D:2:      layout_rooms, dreamdust_ecumenical_altar_angels_and_demons,
          basic_altar

Action                     || total
---------------------------++-------
  Melee: Unarmed           ||    59
         Constrict         ||    16
         Tentacles         ||     8
   Stab: Sleeping          ||     5
 Armour: Skin              ||    21
  Dodge: Dodged            ||    33
